AoeStats
← Squid_CARP

Arabia

510441247Analyzed
1v1 RM · 2d ago on Oct 1, 2026· 32m 13s· 2 players
Game mode
Random Map
Map size
Tiny (2 player)
Population
200
Speed
Normal
Resources
Standard
Victory
Conquest
Starting age
Dark Age
Ending age
Imperial Age
RankedLock teamsTeams togetherTeam positionsShared explorationLock speedFull tech treeHidden civsTurbo modeCheats
Victory
Defeat
🇦🇷 Burmese · Argentina
1444
+17
🇦🇷 Bengalis · Argentina
1475
-17
TheNewAres
6:19 Loom
8:52 Feudal Age
11:00 Horse Collar
17:21 Wheelbarrow
17:40 Town Watch
18:47 Fletching
19:37 Fletching
22:30 Castle Age
21:09 Bloodlines
21:12 Padded Archer Armor
21:05 Fletching
21:13 Gold Mining
22:19 Scale Barding Armor
24:45 Chain Barding Armor
28:50 Husbandry
29:48 Heavy Plow
Squid_CARP
6:12 Loom
8:50 Feudal Age
9:32 Double-Bit Axe
10:44 Town Watch
12:35 Fletching
17:10 Horse Collar
20:47 Wheelbarrow
23:43 Castle Age
22:02 Padded Archer Armor
23:46 Crossbowman
24:40 Bodkin Arrow
26:49 Ballistics
28:16 Scale Mail Armor
28:26 Forging
28:29 Bow Saw
27:45 Pikeman
Connection lost

Rejoining the realm…

Still unreachable

The connection could not be restored.

Session expired

The server has moved on; the page needs a fresh start.